Unix NetHack Version 3.7.0-66 Work-in-progress - last build Nov 25 2022 02:21:47 (a67c8fbd212c6e9cfe3af09653023564b5ba1bad,branch:master). Game began 2022-11-29 00:18:11, ended 2022-11-30 13:42:24. Buffalo, neutral male human Tourist ----- ------- |...------ --|.$$Su| |........| |.-.n$s$| |........| |-|...i"|-- -------%---- |.f..m$.qu| |......+..-- |-|..qpx|%| |..........| |?-..W.c|.| |..........| --|...$B|.| -----.-------- ------|.| |`...........| |.| |`...........| |.| --------.----| |.| |...........| |.| |...........| |%| -------.------ |.| |.......----------------.| |>................+......| -------------------------- Buffalo the Excursionist St:14 Dx:10 Co:18 In:12 Wi:11 Ch:17 Neutral S:10468 Dlvl:3 $:519 HP:0(74) Pw:38(38) AC:-3 Xp:8/2527 T:10211 Blind Ride Latest messages: In what direction? h You hear nothing special. You kill the Green-elf! What do you want to use or apply? [acdfklwBDGJLPRSUVZ or ?*] c In what direction? h Status of the chickatrice (neutral): Level 6 HP 26(26) AC 8. You try to feel what is lying here on the floor. You feel here a food ration. What do you want to remove? [IP or ?*] Never mind. You hit the chickatrice. The chickatrice bites! The chickatrice touches you! You hear the chickatrice's hissing! You kill the chickatrice! What do you want to use or apply? [acdfklwBDGJLPRSUVZ or ?*] c In what direction? h Status of the tiger (neutral): Level 7 HP 34(34) AC 6. You miss the tiger. You hear some noises. What do you want to use or apply? [acdfklwBDGJLPRSUVZ or ?*] c In what direction? h Status of the tiger (neutral): Level 7 HP 28(34) AC 6. You hit the tiger. What do you want to use or apply? [acdfklwBDGJLPRSUVZ or ?*] c In what direction? h Status of the tiger (neutral): Level 7 HP 8(34) AC 6. What do you want to zap? [dfwBGJLRS or ?*] ? In what direction? h You kill the tiger! The bolt of cold hits the leocrotta! The bolt of cold hits it. The bolt of cold hits the small mimic! The leocrotta hits! The leocrotta misses! The leocrotta hits! What do you want to use or apply? [acdfklwBDGJLPRSUVZ or ?*] c In what direction? h Status of the leocrotta (neutral): Level 7 HP 1(25) AC 4. In what direction? h The dart misses. The leocrotta hits! The leocrotta bites! The leocrotta misses! The leocrotta hits! The leocrotta bites! The leocrotta hits! You die... Do you want your possessions identified? [ynq] (y) y Do you want to see your attributes? [ynq] (y) q Inventory: Coins $ - 519 gold pieces Weapons b - 21 blessed +2 darts (at the ready) a - the rustproof +0 Cleaver (weapon in hands) Armor e - a blessed +1 pair of leather gloves (being worn) F - an uncursed +0 pair of iron shoes (being worn) M - an uncursed burnt +0 cloak of magic resistance named pray6877 (being worn) H - an uncursed +0 cloak of protection T - a blessed +1 chain mail named gift 4400 (being worn) Comestibles C - 6 cursed apples g - an uncursed banana t - an uncursed food ration E - an uncursed food ration u - an uncursed lembas wafer K - 2 uncursed lembas wafers v - an uncursed tin of pureed dwarf leader meat Scrolls j - a blessed scroll of magic mapping Potions y - an uncursed potion of sleeping x - a potion of holy water Rings I - an uncursed +4 ring of increase damage (on right hand) z - an uncursed ring of invisibility Q - an uncursed ring of levitation W - an uncursed ring of polymorph A - an uncursed ring of polymorph control O - an uncursed ring of stealth X - an uncursed ring of sustain ability Wands B - a wand of cancellation (0:6) R - a blessed wand of cold named -1 (0:3) J - a wand of create monster named -0 (0:11) S - a wand of death named -1 (0:3) w - a wand of digging named -3 (0:3) L - a wand of polymorph named -1 (0:4) f - a wand of striking (0:5) d - a wand of teleportation named -1 (0:6) G - a wand of teleportation (0:6) Tools Z - an uncursed credit card l - an expensive camera (0:38) D - an uncursed leash k - an uncursed skeleton key c - an uncursed stethoscope V - an uncursed tin whistle P - an uncursed towel (being worn) U - a +0 unicorn horn named cR Buffalo the Tourist's attributes: Background: You were an Excursionist, a level 8 male human Tourist. You were neutral, on a mission for The Lady who was opposed by Blind Io (lawful) and Offler (chaotic). You were in Sokoban, on level 3. You entered the dungeon 10211 turns ago. You had 2527 experience points, 33 more were needed to attain level 9. Your score was 10468 before end-of-game adjustments. Basics: You had 0 out of 74 hit points. You had all 38 energy points (spell power). Your armor class was -3. Your wallet contained 519 zorkmids. Autopickup was on for '$"?!=/' plus thrown. Final Characteristics: Your strength was 14 (limit:18/100). Your dexterity was 10 (limit:18). Your constitution was 18 (limit:18). Your intelligence was 12 (limit:18). Your wisdom was 11 (limit:18). Your charisma was 17 (limit:18). Final Status: You were riding your warhorse. You were deliberately blind. You were not hungry. You were unencumbered. You were wielding an axe. You had basic skill with axe. Final Attributes: You were piously aligned. You were magic-protected. You were cold resistant. You were telepathic. You had a moderate damage bonus (+4). You had a small defense bonus (+3). You were warded. You are dead. Miscellaneous: You encountered 1 bones level. Total elapsed playing time was 1 hour, 34 minutes and 54 seconds. Major events: Turn 1: Buffalo the neutral male human Tourist entered the dungeon 1714: attained the rank of Sightseer (level 3) 1714: destroyed lurchy's ghost, the former Conjurer 2496: entered the Gnomish Mines 4421: was bestowed with Cleaver by The Lady 5128: reached Mine Town 5855: attained the rank of Excursionist (level 6) 6457: destroyed post163's ghost, the former Gallant 8371: entered Sokoban 8407: killed the Oracle 8622: completed 1st Sokoban level 8986: completed 2nd Sokoban level 9191: completed 3rd Sokoban level 10179: completed 4th Sokoban level 10211: killed by a leocrotta Vanquished creatures: a shopkeeper the Oracle 2 ghosts 2 giant mimics 4 wargs a winter wolf a small mimic a glass piercer a tiger a Grey-elf 4 watchmen a quivering blob 2 wolves a winter wolf cub a gremlin 3 leprechauns a Green-elf a chickatrice a dog a dwarf leader a blue jelly a white unicorn 2 ravens a human zombie a rope golem a soldier ant a wood nymph a mountain nymph an orc shaman a rock piercer 2 rock moles 2 ponies 2 violet fungi 5 gnome leaders 5 gnomish wizards 2 gray oozes 4 elf zombies a giant ant a little dog 2 floating eyes 6 dwarves 2 homunculi a kobold leader 2 rothes a rabid rat 2 giant bats an orc zombie 4 dwarf zombies a werejackal 7 iguanas 3 acid blobs a coyote a gas spore 6 hobbits 2 manes 2 hobgoblins 15 giant rats a cave spider 2 brown molds 3 yellow molds a green mold a red mold 24 gnomes 5 garter snakes 2 gnome zombies 7 geckos 4 jackals 3 foxes 2 kobolds 2 goblins 4 sewer rats 13 grid bugs 3 bats 10 lichens 3 kobold zombies 12 newts 227 creatures vanquished. No species were genocided or became extinct. Voluntary challenges: You read items or engraved 10 times. You never engraved Elbereth. You never genocided any monsters. You never polymorphed an object. You never changed form. You used no wishes. You did not violate any of the special Sokoban rules. Achievements: You entered a shop. You attained the rank of Sightseer. You entered the Gnomish Mines. You entered Minetown. You entered a temple. You attained the rank of Excursionist. You entered Sokoban. The Dungeons of Doom: levels 1 to 7 Level 1: A fountain. Level 2: An altar to The Lady. Stairs down to The Gnomish Mines. Level 3: An untended shop. Level 4: An altar to The Lady, a grave. Final resting place for post163-Kni-Hum-Fem-Law, slipped while mounting a saddled pony, lurchy-Wiz-Elf-Mal-Cha, killed by a wererat. Level 5: Level 6: "oracle" Some fountains. Oracle of Delphi. Level 7: Stairs up to Sokoban, level 6. The Gnomish Mines: levels 3 to 7 Level 3: Level 4: Level 5: Many shops, a temple, some fountains. Level 6: Level 7: Sokoban: levels 6 up to 3 Level 3: <- You were here. Solved. Final resting place for you, killed by a leocrotta. Level 4: Solved. Level 5: Solved. Level 6: Solved. Game over: ---------- / \ / REST \ / IN \ / PEACE \ / \ | Buffalo | | 519 Au | | killed by a | | leocrotta | | | | | | 2022 | *| * * * | * _________)/\\_//(\/(/\)/\//\/|_)_______ Aloha Buffalo the Tourist... You died in Sokoban on dungeon level 3 with 10468 points, and 519 pieces of gold, after 10211 moves. You were level 8 with a maximum of 74 hit points when you died.